 Dungeon Crawl Stone Soup version 0.19-a0-376-gf780d9b (webtiles) character file.

4 ololoev the Firebug (level 1, -3/10 HPs)
             Began as a Deep Elf Fire Elementalist on May 30, 2016.
             Killed from afar by an orc wizard (9 damage)
             ... with a puff of flame
             ... on level 4 of the Dungeon.
             The game lasted 00:00:57 (164 turns).

ololoev the Firebug (Deep Elf Fire Elementalist)     Turns: 164, Time: 00:00:58

Health: -3/10      AC:  2    Str:  5    XL:     1   Next: 50%
Magic:  6/6        EV: 13    Int: 19    God:
Gold:   29         SH:  0    Dex: 15    Spells: 1 memorised, 5 levels left

rFire  . . .     SeeInvis .     (no weapon)
rCold  . . .     Gourm    .     a - +0 robe
rNeg   . . .     Faith    .     (no shield)
rPois  .         Spirit   .     (no helmet)
rElec  .         Dismiss  .     (no cloak)
rCorr  .         Reflect  .     (no gloves)
SustAt .         Harm     .     (no boots)
MR     .....                    (no amulet)
Stlth  ++........               (no ring)
                                (no ring)

@: not resistant to hostile enchantments, unstealthy
A: no striking features
a: no special abilities

Inventory:

Armour
 a - a +0 robe (worn)
Scrolls
 e - 2 scrolls of remove curse {unknown}
 f - a scroll of identify {unknown}
 g - a scroll of enchant armour {unknown}
Books
 b - a book of Flames

   Spells                             Type                      Level
   a - Flame Tongue                   Conjuration/Fire             1
   b - Throw Flame                    Conjuration/Fire             2
   c - Conjure Flame                  Conjuration/Fire             3
   d - Inner Flame                    Hexes/Fire                   3
   e - Sticky Flame                   Conjuration/Fire             4
   f - Fireball                       Conjuration/Fire             5
Comestibles
 c - 4 bread rations
 d - 4 chunks of flesh


   Skills:
 - Level 2.4 Dodging
 - Level 2.4 Stealth
 + Level 3.0 Spellcasting
 * Level 1.5 Conjurations
 + Level 3.3 Fire Magic


You had 5 spell levels left.
You knew the following spells:

 Your Spells              Type           Power        Failure   Level  Hunger
a - Flame Tongue          Conj/Fire      ##...        8%          1    None


You were on level 4 of the Dungeon.
You were not hungry.

You visited 1 branch of the dungeon, and saw 4 of its levels.

You collected 29 gold pieces.

#.<# #..# #..#
##.# . #.# ##.#
##.#..... #
#.......#
#o.[######..#.####
.oo....@.......#
#o..#######..#....
# #....##. #.#.##
# #.#.# .#.# .#

Notes
Turn   | Place    | Note
--------------------------------------------------------------
     0 | D:1      | ololoev the Deep Elf Fire Elementalist began the quest for the Orb.
     0 | D:1      | Reached XP level 1. HP: 10/10 MP: 6/6
   164 | D:4      | Noticed an orc wizard
   164 | D:4      | Noticed an orc wizard
   164 | D:4      | Killed from afar by an orc wizard

Dungeon Overview and Level Annotations

Branches:
Dungeon (4/15)
 Temple: D:4-7

Altars:


Message History

There is a stone staircase leading up here.
You now have 7 gold pieces.
Found a leather armour.
Found a scroll labeled TYAMOS BORO and 9 gold pieces.
Found 13 gold pieces.
Found a scroll labeled CID MOULYTZ.
You now have 16 gold pieces (gained 9).
Found 18 stones.
f - a scroll labeled CID MOULYTZ You now have 29 gold pieces (gained 13).
A goblin comes into view.
You see here a scroll labeled TYAMOS BORO.
e - 2 scrolls labeled TYAMOS BORO (gained 1)
Found 19 stones.
The goblin shouts!
The goblin wields a hunting sling.
The goblin shoots a stone.
The stone hits you.
Ouch! That really hurt!
Found a hunting sling.
Casting: Flame Tongue
Confirm with . or Enter, or press ? or * to list all spells.
Aiming: Flame Tongue
Press: ? - help, Shift-Dir - straight line, f - goblin
Aim: a goblin, wielding a hunting sling You miscast Flame Tongue.
You are very lightly contaminated with residual magic.
Your skin tingles.
Casting: Flame Tongue
Confirm with . or Enter, or press ? or * to list all spells.
Aiming: Flame Tongue
Press: ? - help, Shift-Dir - straight line, f/p - goblin
Aim: a goblin, wielding a hunting sling The flame tongue misses the goblin.
The goblin shoots a stone.
The stone barely misses you.
Casting: Flame Tongue
Confirm with . or Enter, or press ? or * to list all spells.
Aiming: Flame Tongue
Press: ? - help, Shift-Dir - straight line, f/p - goblin
Aim: a goblin, wielding a hunting sling The flame tongue hits the goblin.
You kill the goblin!
You hear the slow rusting of a distant drain.
g - a scroll labeled WAEROU MOHEIPPAN
Things that are here:
a hunting sling; 16 stones; a goblin corpse You butcher the goblin corpse.
d - 4 chunks of flesh (gained 2)
Things that are here:
a hunting sling; 16 stones; a goblin skeleton
Found a hunting sling.
Found a scroll labeled OKUMMYU LAOT.
Found a scroll labeled HUUD PIFFIAJYA and 16 stones.
Found eight items.
c - 3 bread rations (gained 1)
Your magical contamination has completely faded away.
Found a stone staircase leading down.
There is a stone staircase leading down here.
You climb downwards.
A ball python comes into view.
Found a bread ration.
There is a stone staircase leading up here.
Casting: Flame Tongue
Confirm with . or Enter, or press ? or * to list all spells.
Aiming: Flame Tongue
Press: ? - help, Shift-Dir - straight line, f - ball python
Aim: a ball python The flame tongue hits the ball python.
You kill the ball python!
There is a stone staircase leading up here.
c - 4 bread rations (gained 1)
An orc comes into view. It is wielding a trident.
Found a ring mail.
An orc comes into view. It is wielding a hand axe.
The orc shouts! 2 orc wizards come into view.
The orc shouts!
The orc wizard shouts!
The orc wizard points at you and mumbles some strange words.
The puff of flame hits you!
Ouch! That really hurt!
You die...

You could see 2 orc wizards and 2 orcs.

Vanquished Creatures
  2 goblins
  A ball python (D:4)
  A bat (D:2)
4 creatures vanquished.

Action                   || total
-------------------------++-------
 Cast: Flame Tongue      ||     6
Dodge: Dodged            ||     3

Vault maps used:
D:1:      saegor_arrival_simple_c
D:2:      nicolae_overflow_hidden_temple, lightli_temple_of_fire, first_bread,
          minmay_misc_feat_plants, nicolae_ru_great_annihilating_truth
D:3:      gup_sewer_entry_spiral, due_unseen_surprise, uniq_natasha
D:4:      minmay_temple_entry_glass
